 Dungeon Crawl Stone Soup version 0.32-a0-699-g1ee5eff69a (webtiles) character file.

Game seed: 7896514802453256559

97 growler the Sneak (level 4, -5/30 HPs)
             Began as a Vampire Earth Elementalist on Mar 13, 2024.
             Slain by a scorpion (7 damage)
             ... on level 3 of the Dungeon.
             The game lasted 00:04:25 (2460 turns).

growler the Sneak (Vampire Earth Elementalist)      Turns: 2460, Time: 00:04:26

Health: -5/30      AC:  2    Str:  7    XL:     4   Next: 42%
Magic:  4/8        EV: 11    Int: 19    God:
Gold:   107        SH:  0    Dex: 14    Spells: 3/8 levels left

rFire   . . .        g - +0 dagger
rCold   . . .        (no shield)
rNeg    . . .        a - +0 robe
rPois   .            (no helmet)
rElec   .            (no cloak)
rCorr   .            (no gloves)
SInv    +            (no boots)
Will    .....        (no amulet)
Stlth   +++          (no ring)
HPRegen 0.45/turn    (no ring)
MPRegen 0.11/turn

%: no passive effects
@: lethally poisoned (-5 -> -15), very slightly contaminated, healing quickly
A: alive, fangs 3, see invisible, vampiric 2
a: Exsanguinate


You were on level 3 of the Dungeon.
You visited 1 branch of the dungeon, and saw 3 of its levels.

You collected 107 gold pieces.

Inventory:

Hand Weapons
 g - a +0 dagger (weapon)
Armour
 a - a +0 robe (worn)
Jewellery
 h - a ring of resist corrosion
 l - a ring of fire
Scrolls
 d - a scroll of blinking {unknown}
 e - 2 scrolls of teleportation {unknown}
 i - a scroll of fear {unknown}
 j - a scroll of immolation {unknown}
 n - a scroll of enchant armour {unknown}
 o - a scroll of enchant weapon {unknown}
 q - a scroll of identify {unknown}
Potions
 b - a potion of magic
 c - a potion of might {unknown}
 f - 3 potions of heal wounds {unknown}
 k - a potion of attraction {unknown}
 m - a potion of degeneration {unknown}
 p - a potion of enlightenment {unknown}


   Skills:
 - Level 2.2 Dodging
 + Level 4.8 Stealth
 + Level 2.9 Spellcasting
 - Level 0.7 Conjurations
 + Level 3.8 Earth Magic
 + Level 0.5 Alchemy


You had 3 spell levels left.
You knew the following spells:

 Your Spells              Type           Power      Damage    Failure   Level
a - Sandblast             Erth           34%        2d9       3%          1
b - Petrify               Alch/Erth      11%        N/A       52%         4

Your spell library contained the following spells:

 Spells                   Type           Power      Damage    Failure   Level
 Passwall                 Erth           17%        N/A       10%         3
 Foxfire                  Conj/Fire      16%        2x1d4     14%         1
 Freeze                   Ice            8%         1d3       16%         1
 Stone Arrow              Conj/Erth      22%        3d8       19%         3
 Ozocubu's Armour         Ice            2%         N/A       43%         3
 Brom's Barrelling Bould  Conj/Erth      11%        2d3       52%         4
 Plasma Beam              Fire/Air       1%         2x1d11    100%        6
 Starburst                Conj/Fire      2%         6d3       100%        6
 Ozocubu's Refrigeration  Ice            1%         4d7       100%        7
 Polar Vortex             Ice            1%         N/A       100%        9


Dungeon Overview and Level Annotations

Branches:
Dungeon (3/15)

Altars:


Innate Abilities, Weirdness & Mutations

Your natural rate of healing is accelerated.
You have razor-sharp teeth.
You have supernaturally acute eyesight. (SInv)
You are afflicted with vampirism and can become a bat while bloodless.


Message History

Aiming: Sandblast (safe; 3% risk of failure)
Press: ? - help, Shift-Dir - straight line, f - scorpion
Aim: a scorpion (82% to hit)
You miscast Sandblast.
You are very lightly contaminated with residual magic.
Nothing appears to happen.
The scorpion stings you.
You are poisoned.
The scorpion poisons you!
Casting: Sandblast (safe; 3% risk of failure)
Confirm with . or Enter, or press ? or * to list all spells.
Aiming: Sandblast (safe; 3% risk of failure)
Press: ? - help, Shift-Dir - straight line, f/p - scorpion
Aim: a scorpion (82% to hit)
The blast of sand hits the scorpion but does no damage.
You feel very sick. The scorpion closely misses you. The scorpion stings you.
Unknown command.
Casting: Sandblast (safe; 3% risk of failure)
Confirm with . or Enter, or press ? or * to list all spells.
Aiming: Sandblast (safe; 3% risk of failure)
Press: ? - help, Shift-Dir - straight line, f/p - scorpion
Aim: a scorpion (82% to hit)
The blast of sand hits the scorpion!
The scorpion is heavily wounded.
You feel very sick. The scorpion stings you. x2
* * * LOW HITPOINT WARNING * * *
You are lethally poisoned!
The scorpion poisons you!
Casting: Sandblast (safe; 3% risk of failure)
Confirm with . or Enter, or press ? or * to list all spells.
Aiming: Sandblast (safe; 3% risk of failure)
Press: ? - help, Shift-Dir - straight line, f/p - scorpion
Aim: a scorpion (heavily wounded, 82% to hit)
The blast of sand misses the scorpion.
The blast of sand hits the endoplasm!
You kill the endoplasm!
* * * LOW HITPOINT WARNING * * *
You feel very sick. The scorpion stings you!
You die...

#...........# ......
#...........# ######
#...........# +
#####...........########### #
....#..>..................# #
....#.....#..#######....#.# #
...)#.....##..# #....#+####
..........###.######.........#
...!..B.### #..s@............+
.......J# ############.....#
........# #.....# ##......#
#.....# #......# #####.###
#....... #...## #.#......
###... #.#....... ##.) ##.


You could see a scorpion.

Vanquished Creatures
  Jessica (D:3)
  2 adders (D:2)
  2 dart slugs
  A ribbon worm (D:2)
  An orc (D:3)
  2 bats (D:1)
  6 endoplasms
  7 giant cockroaches
  3 hobgoblins (D:2)
  5 ball pythons
  3 frilled lizards
  6 goblins
  3 kobolds
  A rat (D:1)
43 creatures vanquished.

Notes
Turn   | Place    | Note
-------+----------+-------------------------------------------
     0 | D:1      | growler the Vampire Earth Elementalist began the quest for
                  | the Orb.
     0 | D:1      | Reached XP level 1. HP: 13/13 MP: 3/3
   228 | D:1      | Reached XP level 2. HP: 19/19 MP: 3/5
  1097 | D:2      | Reached skill level 4 in Stealth
  1097 | D:2      | Gained mutation: You are afflicted with vampirism and can
                  | become a bat while bloodless. [Vampire growth]
  1097 | D:2      | Reached XP level 3. HP: 24/24 MP: 3/6
  1765 | D:2      | Found a faded altar of an unknown god.
  2093 | D:2      | Identified the +0 tower shield "Toxtuohe" {*Corrode SInv
                  | Stlth+}
  2294 | D:3      | Reached XP level 4. HP: 30/30 MP: 6/8
  2299 | D:3      | Learned a level 4 spell: Petrify
  2395 | D:3      | Got the Incunable of the Warrior-Mage
  2408 | D:3      | Noticed Jessica
  2413 | D:3      | Killed Jessica
  2442 | D:3      | Noticed a scorpion
  2460 | D:3      | Slain by a scorpion

Illustrated notes

Levels and vault maps discovered:
D:1:      lightli_arrival_boilingwater, layout_basic
D:2:      layout_loops_corners, chequers_ecumenical_altar_simple,
          minmay_worlds_worst_comb
D:3:      layout_basic, serial_shops, shop, uniq_jessica

Skill      XL: |  1  2 |
---------------+-------+-----
Stealth        | 4 |  4.8
Dodging        | |  2.2
Spellcasting   | |  2.9
Conjurations   | |  0.7
Earth Magic    | |  3.8
Alchemy        | |  0.5

Action                     |  1- 3 |  4- 6 || total
---------------------------+-------+-------++-------
  Melee: Unarmed           |     1 |       ||     1
         Dagger            |     1 |     2 ||     3
   Cast: Sandblast         |    54 |     6 ||    60
   Stab: Sleeping          |     1 |     1 ||     2
 Armour: Robe              |     5 |     7 ||    12
  Dodge: Dodged            |     3 |     2 ||     5

Table legend: (Time is in decaauts)
 A = Elapsed time spent in this place.
 B = Non-inter-level travel time spent in this place.
 C = Inter-level travel time spent in this place.
 D = Time resting spent in this place.
 E = Time spent auto-exploring this place.
 F = Levels seen in this place.
 G = Mean time per level.
                   A        B        C        D        E       F      G
               +--------+--------+--------+--------+--------+-----+--------+
         Total |   2490 |   2426 |     64 |      0 |   2176 |   3 |  830.0 |
       Dungeon |   2490 |   2426 |     64 |      0 |   2176 |   3 |  830.0 |
               +--------+--------+--------+--------+--------+-----+--------+

Top non-repeatable levels by time:
     D:2: 1143 daAuts
     D:1: 1105 daAuts
     D:3: 240 daAuts
